TOP OF THE 1ST |
Duke Blue Devils batting - Pitching for Rutgers Scarlet Knights : LHP Jeff Jackson
|
Pitching: LHP Jeff Jackson
|
|
Batting: SHB Luis Zamora
|
0-0: Ball 1-0: Ball 2-0: Called Strike 2-1: Foul Ball, location: 2F 2-2: Ball 3-2: Fly out, F4 (Popup, 6MD)
|
Batting: LHB Vicente Chávez
|
0-0: Ball 1-0: Called Strike 1-1: Ball 2-1: SINGLE (Groundball, 4M)
|
Batting: LHB Will Hill
|
0-0: Called Strike 0-1: Ball 1-1: Swinging Strike 1-2: Foul Ball, location: 2F 1-2: Foul Ball, location: 2F 1-2: Foul Ball, location: 2F 1-2: Fly out, F8 (Line Drive, 8RM)
|
Batting: RHB Mike Ingram
|
0-0: Ball 1-0: Ball 2-0: SINGLE (Line Drive, 4D) Vicente Chávez to second Runner from 2nd tries for 3rd, SAFE, throw made to third
|
Batting: RHB Albert Reaveley
|
0-0: Foul Ball, location: 2F 0-1: Ball 1-1: Ball 2-1: Foul Ball, location: 2F 2-2: Fly out, F7 (Flyball, 78M)
|
Top of the 1st over - 0 run(s), 2 hit(s), 0 error(s), 2 left on base; Duke 0 - Rutgers 0 |
BOTTOM OF THE 1ST |
Rutgers Scarlet Knights batting - Pitching for Duke Blue Devils : RHP Juan Moreno
|
Pitching: RHP Juan Moreno
|
|
Batting: RHB Buddy Brown
|
0-0: Ball 1-0: Ball 2-0: Called Strike 2-1: Ground out 3-1 (Groundball, 34S)
|
Batting: SHB Kevin Shelton
|
0-0: Called Strike 0-1: Ball 1-1: Foul Ball, location: 2F 1-2: Strikes out looking
|
Batting: RHB John Patterson
|
0-0: Ball 1-0: Ball 2-0: Called Strike 2-1: Foul Ball, location: 2F 2-2: Strikes out looking
|
Bottom of the 1st over - 0 run(s), 0 hit(s), 0 error(s), 0 left on base; Duke 0 - Rutgers 0 |
TOP OF THE 2ND |
Duke Blue Devils batting - Pitching for Rutgers Scarlet Knights : LHP Jeff Jackson
|
Batting: RHB Mitchell Johnston
|
0-0: Called Strike 0-1: Ball 1-1: Ball 2-1: Ball 3-1: Swinging Strike 3-2: Ground out 5-3 (Groundball, 5S)
|
Batting: RHB Matt Osborne
|
0-0: Ball 1-0: Ball 2-0: Fly out, F7 (Line Drive, 78M)
|
Batting: SHB Randy Rodríguez
|
0-0: Ball 1-0: Called Strike 1-1: Foul Ball, location: 2F 1-2: Strikes out swinging
|
Top of the 2nd over - 0 run(s), 0 hit(s), 0 error(s), 0 left on base; Duke 0 - Rutgers 0 |
BOTTOM OF THE 2ND |
Rutgers Scarlet Knights batting - Pitching for Duke Blue Devils : RHP Juan Moreno
|
Batting: LHB Bob Dunham
|
0-0: Called Strike 0-1: Fly out, F7 (Flyball, 7M)
|
Batting: RHB Chris Vásquez
|
0-0: Fly out, F9 (Flyball, 9LM)
|
Batting: RHB Dave Pierce
|
0-0: DOUBLE (Flyball, 78M)
|
Batting: RHB Ed Keesee
|
0-0: Ball 1-0: Called Strike 1-1: SINGLE (Popup, 4MD) Dave Pierce to third Runner from 3rd tries for Home, SAFE, no throw or cutoff
|
Batting: LHB Zach Baxter
|
0-0: Called Strike 0-1: Ball 1-1: Called Strike 1-2: Foul Ball, location: 2F 1-2: Ball 2-2: Strikes out swinging
|
Bottom of the 2nd over - 1 run(s), 2 hit(s), 0 error(s), 1 left on base; Duke 0 - Rutgers 1 |
TOP OF THE 3RD |
Duke Blue Devils batting - Pitching for Rutgers Scarlet Knights : LHP Jeff Jackson
|
Batting: RHB Jake Belcher
|
0-0: Ball 1-0: Swinging Strike 1-1: Swinging Strike 1-2: Ball 2-2: Strikes out swinging
|
Batting: SHB Luis Zamora
|
0-0: Swinging Strike 0-1: Ball 1-1: Swinging Strike 1-2: Strikes out swinging
|
Batting: LHB Vicente Chávez
|
0-0: Ball 1-0: Called Strike 1-1: Fly out, F7 (Line Drive, 7D)
|
Top of the 3rd over - 0 run(s), 0 hit(s), 0 error(s), 0 left on base; Duke 0 - Rutgers 1 |
BOTTOM OF THE 3RD |
Rutgers Scarlet Knights batting - Pitching for Duke Blue Devils : RHP Juan Moreno
|
Batting: RHB Steve West
|
0-0: Ball 1-0: Called Strike 1-1: Ball 2-1: Ball 3-1: Foul Ball, location: 2F 3-2: Foul Ball, location: 2F 3-2: Base on Balls
|
Batting: RHB Buddy Brown
|
0-0: Ball 1-0: Called Strike 1-1: Ball 2-1: Foul Ball, location: 2F 2-2: Strikes out looking
|
Batting: SHB Kevin Shelton
|
0-0: Called Strike 0-1: Ball 1-1: Ball 2-1: Swinging Strike 2-2: Grounds into double play, 4-6-3 (Groundball, 34)
|
Bottom of the 3rd over - 0 run(s), 0 hit(s), 0 error(s), 0 left on base; Duke 0 - Rutgers 1 |
TOP OF THE 4TH |
Duke Blue Devils batting - Pitching for Rutgers Scarlet Knights : LHP Jeff Jackson
|
Batting: LHB Will Hill
|
0-0: Ground out 4-3 (Groundball, 4)
|
Batting: RHB Mike Ingram
|
0-0: Fly out, F8 (Flyball, 8RM)
|
Batting: RHB Albert Reaveley
|
0-0: Ball 1-0: Ball 2-0: Swinging Strike 2-1: Fly out, F2 (Popup, 2LF)
|
Top of the 4th over - 0 run(s), 0 hit(s), 0 error(s), 0 left on base; Duke 0 - Rutgers 1 |
BOTTOM OF THE 4TH |
Rutgers Scarlet Knights batting - Pitching for Duke Blue Devils : RHP Juan Moreno
|
Batting: RHB John Patterson
|
0-0: Ground out 5-3 (Groundball, 5S)
|
Batting: LHB Bob Dunham
|
0-0: Foul Ball, location: 2F 0-1: Ball 1-1: Foul Ball, location: 2F 1-2: Ball 2-2: Ball 3-2: Ground out U3 (Groundball, 3)
|
Batting: RHB Chris Vásquez
|
0-0: Called Strike 0-1: Foul Ball, location: 2F 0-2: SINGLE (Flyball, 8LS)
|
Batting: RHB Dave Pierce
|
0-0: Swinging Strike 0-1: Foul Ball, location: 2F 0-2: Ball 1-2: Strikes out looking
|
Bottom of the 4th over - 0 run(s), 1 hit(s), 0 error(s), 1 left on base; Duke 0 - Rutgers 1 |
TOP OF THE 5TH |
Duke Blue Devils batting - Pitching for Rutgers Scarlet Knights : LHP Jeff Jackson
|
Batting: RHB Mitchell Johnston
|
0-0: Called Strike 0-1: Swinging Strike 0-2: Ball 1-2: Foul Ball, location: 2F 1-2: Strikes out swinging
|
Batting: RHB Matt Osborne
|
0-0: Ball 1-0: Foul Ball, location: 2F 1-1: Foul Ball, location: 2F 1-2: Ball 2-2: Strikes out looking
|
Batting: SHB Randy Rodríguez
|
0-0: Called Strike 0-1: Ball 1-1: Foul Ball, location: 2F 1-2: Strikes out swinging
|
Top of the 5th over - 0 run(s), 0 hit(s), 0 error(s), 0 left on base; Duke 0 - Rutgers 1 |
BOTTOM OF THE 5TH |
Rutgers Scarlet Knights batting - Pitching for Duke Blue Devils : RHP Juan Moreno
|
Batting: RHB Ed Keesee
|
0-0: Fly out, F9 (Flyball, 9M)
|
Batting: LHB Zach Baxter
|
0-0: Called Strike 0-1: SINGLE (Flyball, 7S)
|
Batting: RHB Steve West
|
0-0: Ball 1-0: Called Strike 1-1: Swinging Strike 1-2: Fly out, F5 (Popup, 25F)
|
Batting: RHB Buddy Brown
|
0-0: Foul Ball, location: 2F 0-1: Ground out 1-3 (Groundball, 25)
|
Bottom of the 5th over - 0 run(s), 1 hit(s), 0 error(s), 1 left on base; Duke 0 - Rutgers 1 |
TOP OF THE 6TH |
Duke Blue Devils batting - Pitching for Rutgers Scarlet Knights : LHP Jeff Jackson
|
Batting: RHB Jake Belcher
|
0-0: Fly out, F6 (Popup, 56D)
|
Batting: SHB Luis Zamora
|
0-0: Ball 1-0: Called Strike 1-1: Called Strike 1-2: Ball 2-2: Strikes out swinging
|
Batting: LHB Vicente Chávez
|
0-0: Ground out 3-1 (Groundball, 34)
|
Top of the 6th over - 0 run(s), 0 hit(s), 0 error(s), 0 left on base; Duke 0 - Rutgers 1 |
BOTTOM OF THE 6TH |
Rutgers Scarlet Knights batting - Pitching for Duke Blue Devils : RHP Juan Moreno
|
Batting: SHB Kevin Shelton
|
0-0: Ground out 6-3 (Groundball, 6)
|
Batting: RHB John Patterson
|
0-0: Called Strike 0-1: Ground out 6-3 (Groundball, 56)
|
Batting: LHB Bob Dunham
|
0-0: Ball 1-0: Ball 2-0: Ball 3-0: Foul Ball, location: 2F 3-1: Called Strike 3-2: Base on Balls
|
Batting: RHB Chris Vásquez
|
0-0: Called Strike 0-1: Ball 1-1: Ball 2-1: Foul Ball, location: 2F 2-2: Ground out 5-3 (Groundball, 5S)
|
Bottom of the 6th over - 0 run(s), 0 hit(s), 0 error(s), 1 left on base; Duke 0 - Rutgers 1 |
TOP OF THE 7TH |
Duke Blue Devils batting - Pitching for Rutgers Scarlet Knights : LHP Jeff Jackson
|
Batting: LHB Will Hill
|
0-0: Ball 1-0: Foul Ball, location: 2F 1-1: Swinging Strike 1-2: Foul Ball, location: 2F 1-2: Ball 2-2: Fly out, F7 (Flyball, 78M)
|
Pitching: LHP Jay Metcalf
|
|
Batting: RHB Mike Ingram
|
0-0: Called Strike 0-1: Called Strike 0-2: Ball 1-2: Ball 2-2: SOLO HOME RUN (Flyball, 78XD), Distance : 364 ft
|
Batting: RHB Albert Reaveley
|
0-0: Called Strike 0-1: Fly out, F9 (Flyball, 9LM)
|
Batting: RHB Mitchell Johnston
|
0-0: Foul Ball, location: 2F 0-1: Ball 1-1: SINGLE (Groundball, 25) (infield hit)
|
Batting: RHB Matt Osborne
|
0-0: Called Strike 0-1: Ball 1-1: Swinging Strike 1-2: Strikes out swinging
|
Top of the 7th over - 1 run(s), 2 hit(s), 0 error(s), 1 left on base; Duke 1 - Rutgers 1 |
BOTTOM OF THE 7TH |
Rutgers Scarlet Knights batting - Pitching for Duke Blue Devils : RHP Juan Moreno
|
Pitching: RHP Ramón Rodríguez
|
|
Batting: RHB Dave Pierce
|
0-0: Ball 1-0: Called Strike 1-1: Foul Ball, location: 2F 1-2: Ball 2-2: Ball 3-2: Strikes out swinging
|
Batting: RHB Ed Keesee
|
0-0: Ball 1-0: Reached on error, E5 (Groundball, 5S)
|
Batting: LHB Zach Baxter
|
0-0: Ball 1-0: Called Strike 1-1: Foul Ball, location: 2F 1-2: Strikes out looking
|
Batting: RHB Steve West
|
0-0: Ball 1-0: Called Strike 1-1: Foul Ball, location: 2F 1-2: Strikes out swinging
|
Bottom of the 7th over - 0 run(s), 0 hit(s), 1 error(s), 1 left on base; Duke 1 - Rutgers 1 |
TOP OF THE 8TH |
Duke Blue Devils batting - Pitching for Rutgers Scarlet Knights : LHP Jay Metcalf
|
Batting: SHB Randy Rodríguez
|
0-0: Called Strike 0-1: Ground out 4-3 (Groundball, 34)
|
Pinch Hitting: RHB Wayne Ressler
|
0-0: Called Strike 0-1: Ball 1-1: SINGLE (Groundball, 4MD)
|
Batting: SHB Luis Zamora
|
0-0: Ball 1-0: Ball Passed Ball! Wayne Ressler to second 2-0: Ball 3-0: Base on Balls
|
Batting: LHB Vicente Chávez
|
0-0: SINGLE (Flyball, 8RS) Wayne Ressler to third Luis Zamora to second Runner from 3rd tries for Home, SAFE, no throw or cutoff
|
Batting: LHB Will Hill
|
0-0: Ball 1-0: Called Strike Luis Zamora steals 3rd base Vicente Chávez to second 1-1: Called Strike 1-2: Strikes out looking
|
Batting: RHB Mike Ingram
|
0-0: Called Strike 0-1: Ball 1-1: Fly out, F7 (Flyball, 78S)
|
Top of the 8th over - 1 run(s), 2 hit(s), 0 error(s), 2 left on base; Duke 2 - Rutgers 1 |
BOTTOM OF THE 8TH |
Rutgers Scarlet Knights batting - Pitching for Duke Blue Devils : RHP Ramón Rodríguez
|
Now at 2B: Arturo Mesa
|
|
Batting: RHB Buddy Brown
|
0-0: SINGLE (Groundball, 4M)
|
Batting: SHB Kevin Shelton
|
0-0: SINGLE (Line Drive, 34) Buddy Brown to second
|
Batting: RHB John Patterson
|
0-0: Ball 1-0: Grounds into double play, 6-4-3 (Groundball, 6M) Buddy Brown to third
|
Batting: LHB Bob Dunham
|
0-0: Ball 1-0: Ball 2-0: Foul Ball, location: 2F 2-1: Foul Ball, location: 2F 2-2: Foul Ball, location: 2F 2-2: Ball 3-2: Base on Balls
|
Batting: RHB Chris Vásquez
|
0-0: Foul Ball, location: 2F 0-1: Ball 1-1: Ball 2-1: SINGLE (Groundball, 4MD) Buddy Brown scores Bob Dunham to second
|
Batting: RHB Dave Pierce
|
0-0: Ball 1-0: Fly out, F9 (Flyball, 89M)
|
Bottom of the 8th over - 1 run(s), 3 hit(s), 0 error(s), 2 left on base; Duke 2 - Rutgers 2 |
TOP OF THE 9TH |
Duke Blue Devils batting - Pitching for Rutgers Scarlet Knights : LHP Jay Metcalf
|
Pitching: RHP Dominic Scott
|
|
Pinch Hitting: LHB Ramón Salazar
|
0-0: Called Strike 0-1: Reached on error, E4 (Groundball, 34)
|
Batting: RHB Mitchell Johnston
|
0-0: Ball 1-0: Ball 2-0: Called Strike 2-1: Called Strike 2-2: Reached on Error, E8 (Flyball, 8RS) Ramón Salazar to second
|
Batting: RHB Matt Osborne
|
0-0: Swinging Strike 0-1: Foul Ball, location: 2F 0-2: Ball 1-2: Ball 2-2: Strikes out swinging
|
Batting: SHB Randy Rodríguez
|
0-0: Called Strike Ramón Salazar is caught stealing 3rd base Mitchell Johnston to second 0-1: Fly out, F7 (Flyball, 7M)
|
Top of the 9th over - 0 run(s), 0 hit(s), 2 error(s), 1 left on base; Duke 2 - Rutgers 2 |
BOTTOM OF THE 9TH |
Rutgers Scarlet Knights batting - Pitching for Duke Blue Devils : RHP Ramón Rodríguez
|
Pitching: RHP Matt Phillips
|
|
Now in CF: Ramón Salazar
|
|
Batting: RHB Ed Keesee
|
0-0: Ball 1-0: SINGLE (Line Drive, 7S)
|
Batting: LHB Zach Baxter
|
0-0: Ball 1-0: Bunt - Flyout! F3
|
Batting: RHB Steve West
|
0-0: Ball 1-0: Ball Ed Keesee is caught stealing 2nd base 2-0: Called Strike 2-1: Called Strike 2-2: Foul Ball, location: 2F 2-2: Foul Ball, location: 2F 2-2: Ball 3-2: Strikes out swinging
|
Bottom of the 9th over - 0 run(s), 1 hit(s), 0 error(s), 0 left on base; Duke 2 - Rutgers 2 |
TOP OF THE 10TH |
Duke Blue Devils batting - Pitching for Rutgers Scarlet Knights : RHP Dominic Scott
|
Batting: RHB Arturo Mesa
|
0-0: Called Strike 0-1: Swinging Strike 0-2: Foul Ball, location: 2F 0-2: Reached on error, E6 (Groundball, 6)
|
Batting: SHB Luis Zamora
|
0-0: Bunted foul 0-1: Sac Bunt - play at first, batter OUT! 5-4 Arturo Mesa to second
|
Batting: LHB Vicente Chávez
|
0-0: Intentional Walk
|
BOTTOM OF THE 10TH |
Rutgers Scarlet Knights batting - Pitching for Duke Blue Devils : RHP Matt Phillips
|
Batting: RHB Buddy Brown
|
0-0: Ball 1-0: Foul Ball, location: 2F 1-1: Ball 2-1: Ball 3-1: Base on Balls
|
Batting: SHB Kevin Shelton
|
0-0: Ball 1-0: Swinging Strike 1-1: Bunt missed! 1-2: Grounds into double play, 6-4-3 (Groundball, 6M)
|
Batting: RHB John Patterson
|
0-0: Called Strike 0-1: Ball 1-1: Ball 2-1: Ball 3-1: Swinging Strike 3-2: Foul Ball, location: 2F 3-2: Strikes out looking
|
Bottom of the 10th over - 0 run(s), 0 hit(s), 0 error(s), 0 left on base; Duke 3 - Rutgers 2 |
|
|